 Dungeon Crawl Stone Soup version 0.30.0-29-ga12c61a403 (webtiles) character file.

Game seed: 12764500936872197985

123 ChadusMaximus the Shooter (level 4, -1/35 HPs)
             Began as a Demonspawn Hunter on June 18, 2023.
             Slain by a phantom (3 damage)
             ... on level 4 of the Dungeon.
             The game lasted 00:01:53 (2613 turns).

ChadusMaximus the Shooter (Demonspawn Hunter)       Turns: 2613, Time: 00:01:54

Health: -1/35      AC:  3    Str: 11    XL:     4   Next: 80%
Magic:  4/4        EV: 12    Int: 11    God:
Gold:   145        SH:  0    Dex: 18    Spells: 3/3 levels left

rFire   . . .        a - +0 shortbow
rCold   . . .        (shield currently unavailable)
rNeg    . . .        c - +0 leather armour
rPois   .            (helmet restricted)
rElec   .            (no cloak)
rCorr   .            (no gloves)
SInv    .            (no boots)
Will    .....        (no amulet)
Stlth   ++           (no ring)
HPRegen 0.25/turn    (no ring)
MPRegen 0.09/turn

%: no passive effects
@: no status effects
A: antennae 1
a: no special abilities


You were on level 4 of the Dungeon.
You visited 1 branch of the dungeon, and saw 4 of its levels.

You collected 145 gold pieces.

Inventory:

Hand Weapons
 a - a +0 shortbow (weapon)
Missiles
 n - 2 throwing nets
 v - 3 boomerangs
Armour
 c - a +0 leather armour (worn)
Jewellery
 h - a ring of positive energy
 s - a +5 ring of evasion
Scrolls
 b - a scroll of immolation
 d - a scroll of vulnerability {unknown}
 e - a scroll of enchant weapon {unknown}
 f - 8 scrolls of identify {unknown}
 j - 2 scrolls of fog {unknown}
 o - 2 scrolls of teleportation {unknown}
 r - 2 scrolls of noise {unknown}
Potions
 g - 2 potions of haste {unknown}
 i - 3 potions of heal wounds {unknown}
 k - a potion of mutation {unknown}
 l - a potion of ambrosia {unknown}
 m - a potion of attraction {unknown}
 p - a potion of lignification {unknown}
 q - 2 potions of brilliance {unknown}
 t - a potion of curing {unknown}
 u - a potion of cancellation {unknown}
 w - a potion of magic {unknown}


   Skills:
 + Level 3.0 Fighting
 * Level 4.4 Ranged Weapons
 + Level 2.7 Dodging
 - Level 1.7 Stealth


You had 3 spell levels left.
You didn't know any spells.
Your spell library contained the following spells:

 Spells                   Type           Power      Damage    Failure   Level
 Necrotise                Necr           0%         1d4       43%         1
 Ozocubu's Armour         Ice            0%         N/A       80%         3
 Vampiric Draining        Necr           0%         2d6       80%         3
 Agony                    Necr           0%         N/A       100%        5
 Metabolic Englaciation   Hex/Ice        0%         N/A       100%        5
 Simulacrum               Ice/Necr       0%         N/A       100%        6
 Ozocubu's Refrigeration  Ice            0%         4d7       100%        7


Dungeon Overview and Level Annotations

Branches:
Dungeon (4/15)
 Temple: D:4-7

Altars:
Hepliaklqana
Xom

Shops:
D:1 (   D:2 =(   D:3 [


Innate Abilities, Weirdness & Mutations

You have a pair of small antennae on your head.


Message History

Aim: a phantom (heavily damaged, 54% to hit)
You shoot an arrow. The arrow hits the phantom.
The phantom is severely damaged.
The phantom hits you.
* * * LOW HITPOINT WARNING * * *
Fire: a) +0 shortbow
Press: ? - help, Q - select action, (/) - cycle Shift-Dir - straight line, f/p - phantom
Aim: a phantom (severely damaged, 54% to hit)
You shoot an arrow. The arrow closely misses the phantom.
The phantom hits you.
* * * LOW HITPOINT WARNING * * *
The phantom blinks!
You blink.
The phantom attacks as you move away! The phantom hits you.
* * * LOW HITPOINT WARNING * * *
The phantom attacks as you move away! The phantom closely misses you.
Fire: a) +0 shortbow
Press: ? - help, Q - select action, (/) - cycle Shift-Dir - straight line, f/p - phantom
Aim: a phantom (severely damaged, 54% to hit)
You shoot an arrow.
The arrow hits the phantom but does no damage.
The phantom is severely damaged.
The phantom closely misses you. The phantom hits you.
* * * LOW HITPOINT WARNING * * *
The phantom blinks!
You blink.
Fire: a) +0 shortbow
Press: ? - help, Q - select action, (/) - cycle Shift-Dir - straight line, f/p - phantom
Aim: a phantom (severely damaged, 54% to hit)
You shoot an arrow.
The arrow hits the phantom but does no damage.
The phantom is severely damaged.
The phantom hits you.
* * * LOW HITPOINT WARNING * * *
The phantom blinks!
You blink.
Fire: a) +0 shortbow
Press: ? - help, Q - select action, (/) - cycle Shift-Dir - straight line, f/p - phantom
Aim: a phantom (severely damaged, 54% to hit)
You shoot an arrow. The arrow hits the phantom!
The phantom is almost destroyed.
The phantom hits you.
You die...

.......##.......#
#.. #.............#
##..
##.....##....## ...
#..#...###..#. ..#
#..##...##.... #..
##...##...#..##
#..###.....##....##
#..##.....ยง<....#
#.@W..........#..#
#............####.#
...............#
..#
..#####.........##
#.. #.........# ..
##......... ..
#.......... ..
...........
............


You could see a phantom.

Vanquished Creatures
  4 adders (D:2)
  A worm (D:2)
  6 dart slugs
  2 orcs (D:3)
  A bat (D:2)
  11 endoplasms
  3 giant cockroaches
  7 goblins
  3 hobgoblins (D:1)
  6 quokkas
  6 ball pythons
  8 frilled lizards
  7 kobolds
  2 rats (D:1)
67 creatures vanquished.

Notes
Turn   | Place    | Note
-------+----------+-------------------------------------------
     0 | D:1      | ChadusMaximus the Demonspawn Hunter began the quest for the
                  | Orb.
     0 | D:1      | Reached XP level 1. HP: 16/16 MP: 1/1
    45 | D:1      | Reached skill level 1 in Stealth
   174 | D:1      | Found a faded altar of an unknown god.
   209 | D:1      | Gained mutation: You have a pair of small antennae on your
                  | head. [demonic ancestry]
   209 | D:1      | Reached XP level 2. HP: 22/22 MP: 2/2
   273 | D:1      | Found Xominwec's Weapon Shoppe.
   418 | D:1      | Reached XP level 3. HP: 28/28 MP: 3/3
   869 | D:2      | Reached skill level 4 in Ranged Weapons
  1110 | D:2      | Reached XP level 4. HP: 19/34 MP: 4/4
  1468 | D:2      | Found Ritz's Weapon Shoppe.
  1722 | D:2      | Found Tokkyol's Jewellery Boutique.
  1839 | D:3      | Found Neruc's Armour Boutique.
  2242 | D:3      | Found a shimmering altar of Xom.
  2243 | D:3      | Found a hazy altar of Hepliaklqana.
  2244 | D:3      | Noticed a spectral ugly thing
  2584 | D:4      | Noticed a phantom
  2613 | D:4      | Slain by a phantom

Illustrated notes

Levels and vault maps discovered:
D:1:      ncdulo_lavacross, layout_basic, ebering_ecumenical_altar_rust,
          serial_shops, shop_fountains, minivault_23
D:2:      layout_basic, serial_shops, shop, nicolae_shop_tiny_real_fake_doors
D:3:      layout_loops_ring, regret_index_temple_of_mockery, serial_shops, shop,
          kennysheep_doodads
D:4:      layout_layer_cave

Skill      XL: |  1  2  3  4 |
---------------+-------------+-----
Stealth        | 1 |  1.7
Dodging        | 2 |  2.7
Ranged Weapons | 4 |  4.4
Fighting       | 3 |  3.0

Action                     |  1- 3 |  4- 6 || total
---------------------------+-------+-------++-------
   Fire: Shortbow          |   117 |    70 ||   187
 Armour: Leather armour    |     3 |     5 ||     8
  Dodge: Dodged            |    22 |    10 ||    32
